 Dungeon Crawl Stone Soup version 0.28.0-43-g3370ac3207 (webtiles) character file.

Game seed: 8566570479788227310

72 cbfl8 the Covert (level 4, -1/35 HPs)
             Began as a Vampire Delver on Mar 19, 2022.
             Killed from afar by a white imp (6 damage)
             ... with a puff of frost
             ... on level 7 of the Dungeon.
             The game lasted 00:02:08 (643 turns).

cbfl8 the Covert (Vampire Delver)                    Turns: 643, Time: 00:02:09

Health: -1/35      AC:  3    Str: 13    XL:     4   Next: 7%
Magic:  4/4        EV: 12    Int: 12    God:
Gold:   29         SH:  0    Dex: 15    Spells: 3/3 levels left

rFire   . . .      SeeInvis +   a - +0 falchion
rCold   . . .      Faith    .   (no shield)
rNeg    . . .      Spirit   .   b - +0 leather armour
rPois   .          Reflect  .   (no helmet)
rElec   .          Harm     .   (no cloak)
rCorr   .          Rampage  .   (no gloves)
Will    .....                   (no boots)
Stlth   ++++......              (no amulet)
HPRegen 0.31/turn               (no ring)
MPRegen 0.09/turn               (no ring)

@: healing quickly
A: alive, fangs 3, see invisible, vampiric 2
a: Exsanguinate


You were on level 7 of the Dungeon.
You visited 1 branch of the dungeon, and saw 3 of its levels.

You collected 29 gold pieces.

Inventory:

Hand Weapons
 a - a +0 falchion (weapon)
Armour
 b - a +0 leather armour (worn)
Wands
 g - a wand of digging (3)
Scrolls
 c - a scroll of fog
Potions
 f - a potion of haste


   Skills:
 + Level 3.1 Fighting
 + Level 2.4 Long Blades
 + Level 0.4 Armour
 + Level 2.3 Dodging
 + Level 8.6 Stealth


You had 3 spell levels left.
You didn't know any spells.
Your spell library was empty.

Dungeon Overview and Level Annotations

Branches:
Dungeon (7/15)
 Temple: D:4-7

Altars:

Annotations:
D:6 Maggie


Innate Abilities, Weirdness & Mutations

Your natural rate of healing is accelerated.
You have razor-sharp teeth.
You have supernaturally acute eyesight. (SInv)
You are afflicted with vampirism and can become a bat while bloodless.


Message History

You assume a fearsome visage.
The orc looks frightened!
The ice beast looks frightened!
There is a stone staircase leading down here.
You climb downwards.
There is a stone staircase leading up here. 2 orcs come into view.
An orc comes into view. It is wielding a +0 flail.
The orc shouts!
You hear a shout! x2; The orc shouts!
Something shouts, "Bolt, thou bumbling moon-mazed reprobate!"
An orc comes into view. It is wielding a +0 hand axe.
An orc wizard comes into view. It is wielding a +0 dagger.
A white imp comes into view.
The white imp shouts, "Leave, thou tottering ill-nurtured coxcomb!"
The orc hits you with a +0 flail.
You hit the orc.
The orc is moderately wounded.
You hit the orc but do no damage. The orc closely misses you.
You hit the orc.
The orc is moderately wounded.
The orc wizard casts a spell.
The orc wizard flickers and vanishes for a moment.
The orc hits you with a +0 hand axe.
You closely miss the orc.
The orc is moderately wounded.
The orc hits you with a +0 flail. The orc hits you with a +0 hand axe.
The orc hits you with a +0 dagger. The orc misses you.
You closely miss the orc. You bite the orc.
You kill the orc!
The orc hits you with a +0 dagger. The orc hits you with a +0 flail!
* * * LOW HITPOINT WARNING * * *
You slash the white imp!
The white imp is severely wounded.
The white imp barely misses you. The orc closely misses you.
The orc hits you with a +0 flail.
* * * LOW HITPOINT WARNING * * *
You barely miss the white imp. You bite the white imp.
The white imp is almost dead.
The white imp gestures at you. The puff of frost hits you.
You die...

..... ....+ ....
... #.#
##########+##o##
+...........o5o#
#...........o@.#
#..............#
##
#..##...###...##
..######.<.###...#
.................#
.................#
####..############
##..####..#
#.........# .


You could see an orc wizard (invisible), a white imp and 3 orcs.

Vanquished Creatures
  A bullfrog zombie (D:6)
  A hound (D:6)
  An adder (D:7)
  An orc (D:7)
4 creatures vanquished.

Notes
Turn   | Place    | Note
-------+----------+-------------------------------------------
     0 | D:5      | cbfl8 the Vampire Delver began the quest for the Orb.
     0 | D:5      | Reached XP level 1. HP: 17/17 MP: 1/1
    21 | D:6      | Noticed a hound
    34 | D:6      | Killed a hound
    35 | D:6      | Reached skill level 8 in Stealth
    35 | D:6      | Reached XP level 2. HP: 4/24 MP: 2/2
    35 | D:6      | Gained mutation: You are afflicted with vampirism and can
                  | become a bat while bloodless. [Vampire growth]
    35 | D:6      | Reached XP level 3. HP: 5/29 MP: 3/3
   337 | D:7      | Noticed a scorpion
   402 | D:7      | Noticed an acid dragon
   408 | D:7      | Noticed a scorpion
   521 | D:6      | Reached XP level 4. HP: 25/35 MP: 4/4
   571 | D:6      | Noticed an ice beast
   579 | D:6      | Noticed Maggie
   643 | D:7      | Killed from afar by a white imp

Illustrated notes

Levels and vault maps discovered:
D:5:      kennysheep_big_flooded_room, layout_rooms, uniq_menkaure
D:6:      layout_basic, uniq_maggie, uniq_prince_ribbit1, uniq_sigmund
D:7:      layout_gridville, nicolae_ru_path_of_blood,
          minmay_temple_entry_junction, st_stairs_1, kennysheep_generic_room_9

Skill      XL: |  1 |
---------------+----+-----
Fighting       | 3 |  3.1
Stealth        | 8 |  8.6
Long Blades    | |  2.4
Armour         | |  0.4
Dodging        | |  2.3

Action                   |  1- 3 |  4- 6 || total
-------------------------+-------+-------++-------
Melee: Falchion          |    19 |     7 ||    26
       Bite              |     3 |     2 ||     5
  Use: Scroll            |     1 |     1 ||     2
Armor: Leather armour    |     5 |       ||     5
Dodge: Dodged            |    13 |     4 ||    17
